General information
- name: BNet
- type: Ladder team game (AT/RT)
- host: Battle.net
- saver: iggy_the_fisk
map: Avalanche
- players: 4
- length: 15:07
- speed: Fast
- version: 1.21 W3XP
- replay type:

» download(88 KB)
Players
team 1 (loser)
IC[e] (
blue | 96 APM | 1441 actions | 15:03)
4 Death Knight
2 Death Coil
1 Unholy Aura
1 Death Pact
2 Lich
1 Frost Nova
1 Dark Ritual
1 Crypt Lord
1 Impale
» actions
| Assign group hotkey | 37 | |
| Basic commands | 31 | |
| Build / train | 45 | |
| ESC pressed | 8 | |
| Enter build submenu | 20 | |
| Enter hero's abilities submenu | 7 | |
| Right click | 700 | |
| Select / deselect | 293 | |
| Select group hotkey | 181 | |
| Use ability | 119 | |
1441 total
» units
| Acolyte | 3 | |
| Ghoul | 1 | |
| Crypt Fiend | 13 | |
| Obsidian Statue | 7 | |
24 total
» upgrades
| Burrow | 1 | |
| Destroyer Form | 1 | |
| Creature Attack | 1 | |
3 total
» buildings
| Graveyard | 1 | |
| Crypt | 1 | |
| Ziggurat | 7 | |
| Altar of Darkness | 1 | |
| Tomb of Relics | 1 | |
| Halls of the Dead | 2 | |
| Black Citadel | 1 | |
| Slaughterhouse | 2 | |
16 total
» build order
00:15 Graveyard
00:22 Crypt
00:35 Ziggurat
00:50 Altar of Darkness
01:08 Tomb of Relics
01:53 Ziggurat
03:33 Ziggurat
04:46 Halls of the Dead
05:03 Ziggurat
08:04 Black Citadel
08:55 Slaughterhouse
08:57 Slaughterhouse
09:07 Ziggurat
09:09 Ziggurat
11:51 Ziggurat
» items
| Rod of Necromancy | 1 | |
| Scroll of Town Portal | 1 | |
| Potion of Healing | 1 | |
| Potion of Mana | 1 | |
4 total
sC.pure (
red | 61 APM | 920 actions | 15:06)
2 Priestess of the Moon
1 Trueshot Aura
1 Searing Arrows
» actions
| Assign group hotkey | 7 | |
| Basic commands | 5 | |
| Build / train | 30 | |
| Enter build submenu | 8 | |
| Enter hero's abilities submenu | 2 | |
| Remove unit from queue | 2 | |
| Right click | 518 | |
| Select / deselect | 268 | |
| Select group hotkey | 29 | |
| Use ability | 50 | |
920 total
» units
» buildings
| Altar of Elders | 1 | |
| Moon Well | 4 | |
| Ancient of War | 2 | |
| Hunter's Hall | 1 | |
8 total
» build order
00:05 Altar of Elders
00:16 Moon Well
02:02 Ancient of War
02:03 Hunter's Hall
02:11 Moon Well
02:33 Ancient of War
03:36 Moon Well
05:29 Moon Well
team 2 (winner)

»
iggy_the_fisk (
pink | 95 APM | 1431 actions | 15:07)
4 Archmage
2 Summon Water Elemental
2 Brilliance Aura
2 Mountain King
1 Storm Bolt
1 Bash
» actions
| Assign group hotkey | 92 | |
| Basic commands | 40 | |
| Build / train | 49 | |
| Enter build submenu | 19 | |
| Enter hero's abilities submenu | 6 | |
| Remove unit from queue | 3 | |
| Right click | 696 | |
| Select / deselect | 264 | |
| Select group hotkey | 187 | |
| Use ability | 75 | |
1431 total
» units
| Peasant | 14 | |
| Footman | 6 | |
| Sorceress | 6 | |
| Priest | 4 | |
30 total
» upgrades
| Defend | 1 | |
| Sorceress Training | 1 | |
| Priest Training | 1 | |
| Masonry | 1 | |
| Lumber Harvesting | 1 | |
5 total
» buildings
| Altar of Kings | 1 | |
| Farm | 7 | |
| Barracks | 1 | |
| Keep | 1 | |
| Scout Tower | 1 | |
| Arcane Vault | 1 | |
| Arcane Tower | 1 | |
| Arcane Sanctum | 3 | |
| Lumber Mill | 1 | |
| Castle | 1 | |
| Town Hall | 1 | |
| Blacksmith | 1 | |
20 total
» build order
00:04 Altar of Kings
00:24 Farm
00:50 Barracks
01:17 Farm
02:08 Farm
02:39 Keep
03:31 Scout Tower
03:47 Arcane Vault
03:59 Arcane Tower
04:09 Farm
05:19 Arcane Sanctum
05:22 Arcane Sanctum
05:25 Arcane Sanctum
05:32 Lumber Mill
06:51 Farm
09:06 Farm
11:22 Castle
11:55 Farm
12:07 Town Hall
12:29 Blacksmith

»
timg4strok (
green | 140 APM | 2115 actions | 15:06)
4 Death Knight
2 Death Coil
2 Unholy Aura
2 Lich
1 Frost Nova
1 Frost Armor
» actions
| Assign group hotkey | 23 | |
| Basic commands | 55 | |
| Build / train | 35 | |
| Enter build submenu | 12 | |
| Enter hero's abilities submenu | 6 | |
| Right click | 995 | |
| Select / deselect | 191 | |
| Select group hotkey | 751 | |
| Use ability | 47 | |
2115 total
» units
| Acolyte | 2 | |
| Ghoul | 2 | |
| Crypt Fiend | 13 | |
| Obsidian Statue | 4 | |
21 total
» upgrades
| Creature Attack | 1 | |
| Burrow | 1 | |
| Web | 1 | |
| Destroyer Form | 1 | |
4 total
» buildings
| Crypt | 1 | |
| Graveyard | 1 | |
| Ziggurat | 6 | |
| Altar of Darkness | 1 | |
| Halls of the Dead | 1 | |
| Tomb of Relics | 1 | |
| Slaughterhouse | 1 | |
| Black Citadel | 1 | |
13 total
» build order
00:07 Crypt
00:10 Graveyard
00:26 Ziggurat
00:46 Altar of Darkness
01:36 Ziggurat
02:21 Ziggurat
05:02 Halls of the Dead
05:28 Ziggurat
05:31 Tomb of Relics
07:54 Slaughterhouse
08:53 Ziggurat
08:55 Black Citadel
11:22 Ziggurat
Chat log
(14:42 / All) iggy_the_fisk: whatever do you call this remarkable new strategy?
(15:05 / All) timg4strok: gg